 Dungeon Crawl Stone Soup version 0.31-a0-1496-g79c7dd0eeb (webtiles) character file.

Game seed: 10826427807115554250

13923 blat the Eclecticist (level 11, -15/56 HPs)
             Began as a Deep Elf Earth Elementalist on Dec 28, 2023.
             Demolished by a gargoyle
             ... wielding a +0 flail
              (19 damage)
             ... on level 11 of the Dungeon on Dec 29, 2023.
             The game lasted 01:04:32 (14723 turns).

blat the Eclecticist (Deep Elf Earth Elementalist) Turns: 14723, Time: 01:04:33

Health: -15/56     AC: 11    Str:  5    XL:     11   Next: 81%
Magic:  31/33      EV: 15    Int: 21    God:
Gold:   1276       SH:  0    Dex: 22    Spells: 22/43 levels left

rFire   + + .        k - +3 dagger "Conservator" {flame, Will+}
rCold   . . .        (no shield)
rNeg    . . .        t - +1 robe {Will+}
rPois   .            y - +0 helmet
rElec   .            o - +2 cloak
rCorr   +            e - +0 pair of gloves
SInv    .            f - +2 pair of boots {rampage}
Will    +++..        (no amulet)
Stlth   +++          l - ring of Lapokenk {Wiz rF++ rCorr Dex+3}
HPRegen 0.29/turn    q - ring of flight
MPRegen 0.23/turn

%: clarity, rampage, wizardry (x1)
@: about to teleport, flying
A: claws 1, clarity
a: no special abilities


You were on level 11 of the Dungeon.
You visited 1 branch of the dungeon, and saw 11 of its levels.

You collected 1441 gold pieces.
You spent 165 gold pieces at shops.

Inventory:

Hand Weapons
 k - the +3 dagger "Conservator" (weapon) {flame, Will+}
   (You found it on level 4 of the Dungeon)

   Will+:     It increases your willpower.
Armour
 e - a +0 pair of gloves (worn)
 f - a +2 pair of boots of rampaging (worn)
 o - a +2 cloak (worn)
 t - a +1 robe of willpower (worn)
 y - a +0 helmet (worn)
Magical Staves
 s - a staff of alchemy
Jewellery
 h - an amulet of guardian spirit
 l - the ring of Lapokenk (left hand) {Wiz rF++ rCorr Dex+3}
   (You found it on level 4 of the Dungeon)

   [ring of wizardry]

   Wiz:       It improves your spell success rate.
   Dex+3:     It affects your dexterity (+3).
   rF++:      It greatly protects you from fire.
   rCorr:     It protects you from acid and corrosion.
 q - a ring of flight (right hand)
Talismans
 r - a maw talisman
Wands
 j - a wand of paralysis (4)
 n - a wand of polymorph (2)
 v - a wand of iceblast (8)
 w - a wand of flame (15)
Scrolls
 a - a scroll of vulnerability
 d - a scroll of amnesia
 i - 2 scrolls of immolation
 m - 6 scrolls of identify
 p - 5 scrolls of silence
 u - a scroll of torment
 x - 2 scrolls of fear
 A - a scroll of enchant weapon {unknown}
Potions
 b - 3 potions of magic
 c - 2 potions of might
 g - a potion of resistance


   Skills:
 + Level 1.1 Fighting
 + Level 0.2 Short Blades
 + Level 4.5 Dodging
 + Level 5.1 Stealth
 + Level 16.6 Spellcasting
 + Level 3.8 Conjurations
 + Level 2.0 Summonings
 + Level 14.1 Earth Magic
 + Level 1.1 Alchemy


You had 22 spell levels left.
You knew the following spells:

 Your Spells              Type           Power      Damage    Failure   Level
a - Sandblast             Erth           100%       2d20      0%          1
b - Stone Arrow           Conj/Erth      100%       3d13      1%          3
c - Brom's Barrelling Bo  Conj/Erth      53%        2d7       1%          4
d - Animate Armour        Summ/Erth      100%       N/A       1%          4
e - Lee's Rapid Deconstr  Erth           33%        3d17*     1%          5
f - Olgreb's Toxic Radia  Alch           22%        N/A       9%          4

Your spell library contained the following spells:

 Spells                   Type           Power      Damage    Failure   Level
 Magic Dart               Conj           100%       1d8       1%          1
 Slow                     Hex            68%        N/A       1%          1
 Sting                    Conj/Alch      100%       1d9       1%          1
 Mercury Vapours          Alch/Air       38%        N/A       1%          2
 Searing Ray              Conj           66%        2d6       1%          2
 Passwall                 Erth           67%        N/A       1%          3
 Petrify                  Alch/Erth      49%        N/A       1%          4
 Confusing Touch          Hex            17%        N/A       4%          3
 Sigil of Binding         Hex            17%        N/A       4%          3
 Vampiric Draining        Necr           17%        2d7       4%          3
 Fulminant Prism          Conj/Alch      13%        3d9       4%          4
 Summon Lightning Spire   Summ/Air       21%        N/A       9%          4
 Ignite Poison            Fire/Alch      19%        N/A       11%         4
 Sticky Flame             Fire/Alch      19%        2d6       11%         4
 Ignition                 Fire           8%         3d5       100%        8


Dungeon Overview and Level Annotations

Branches:
Dungeon (11/15)            Temple (0/1) D:6
   Lair: D:8-11         Orc: D:9-12

Altars:
Ashenzari
Cheibriados
Gozag
Hepliaklqana
Kikubaaqudgha
Nemelex Xobeh
Sif Muna
Trog
Vehumet
Xom

Shops:
D:5 [   D:7 *

Annotations:
D:7 2 runed translucent doors
D:8 2 transporters, bmj180's ghost, novice HuCj


Innate Abilities, Weirdness & Mutations

You have sharp fingernails.
You possess an exceptional clarity of mind.


Message History

Casting: Sandblast (safe; 0% risk of failure)
Confirm with . or Enter, or press ? or * to list all spells.
Aiming: Sandblast (safe; 0% risk of failure)
Press: ? - help, Shift-Dir - straight line, f/p - hornet
Aim: a hornet (almost dead, 78% to hit)
The blast of sand hits the hornet!
You kill the hornet!
There is an open door here.
Casting: Sandblast (safe; 0% risk of failure)
Confirm with . or Enter, or press ? or * to list all spells.
Aiming: Sandblast (safe; 0% risk of failure)
Press: ? - help, Shift-Dir - straight line, f - gargoyle
Aim: a gargoyle, wielding a +0 flail (wandering, hasn't noticed you, 93% to hit)
The blast of sand hits the gargoyle but does no damage.
The gargoyle hurls a stone arrow at you.
The stone arrow hits you!
Casting: Sandblast (safe; 0% risk of failure)
Confirm with . or Enter, or press ? or * to list all spells.
Aiming: Sandblast (safe; 0% risk of failure)
Press: ? - help, Shift-Dir - straight line, f/p - gargoyle
Aim: a gargoyle, wielding a +0 flail (93% to hit)
The blast of sand hits the gargoyle but does no damage.
Casting: Sandblast (safe; 0% risk of failure)
Confirm with . or Enter, or press ? or * to list all spells.
Aiming: Sandblast (safe; 0% risk of failure)
Press: ? - help, Shift-Dir - straight line, f/p - gargoyle
Aim: a gargoyle, wielding a +0 flail (93% to hit)
The blast of sand hits the gargoyle.
The gargoyle is lightly damaged.
The gargoyle hurls a stone arrow at you.
The stone arrow hits you!!
Ouch! That really hurt!
As you read the scroll of teleportation, it crumbles to dust.
You feel strangely unstable.
The gargoyle hurls a stone arrow at you.
The stone arrow hits you!
* * * LOW HITPOINT WARNING * * *
Unknown command.
The gargoyle attacks as it pursues you! The gargoyle hits you with a +0 flail!!
You die...

. ###########.........
..........#.........
..........#.........
........#.........
........#......... ######
#....#.........
#....####.##....#.........
#.....#........9@..........
#.....#.........#..........
'.....#.........#..........
#....###..####+##..........
#....###+####...#..........
.......#........#..........
.......#.....)..#........[.
.......#........#..........
.......#........#..........


You could see a gargoyle.

Vanquished Creatures
  A two-headed ogre (D:8)
  Lodul (D:10)
  A deep elf pyromancer (D:10)
  An ugly thing (D:9)
  Jeremiah (D:7)
  An unseen horror (D:11)
  A kobold demonologist (D:10)
  Psyche (D:8)
  A troll (D:10)
  A hornet (D:11)
  21 yaks
  A wyvern (D:7)
  2 wraiths
  A basilisk (D:11)
  3 vampire mosquitoes
  4 steam dragons
  A water moccasin (D:7)
  2 acid dragons
  5 ice beasts
  2 orc warriors (D:7)
  5 ogres (D:10)
  4 black bears
  4 centaurs
  2 phantoms (D:7)
  5 kobold brigands
  10 bullfrogs
  A gnoll sergeant (D:11)
  6 scorpions
  12 wights
  5 killer bees (D:9)
  7 howler monkeys
  2 gnoll boudas (D:7)
  13 hounds
  3 jellies
  5 orc priests
  4 iguanas
  5 orc wizards
  10 gnolls
  6 adders
  A shadow imp (D:7)
  A white imp (D:7)
  4 ufetubi
  A worm (D:2)
  A dart slug (D:1)
  21 orcs
  3 bats
  9 endoplasms
  3 giant cockroaches
  12 goblins
  12 hobgoblins
  A jackal (D:1)
  10 quokkas
  10 ball pythons
  2 frilled lizards (D:1)
  21 kobolds
  6 rats
  A spectral hobgoblin (D:4)
280 creatures vanquished.

Vanquished Creatures (collateral kills)
  2 ogres (D:10)
  A kobold (D:8)
  7 boulders
10 creatures vanquished.

Vanquished Creatures (others)
  5 boulders
5 creatures vanquished.

Grand Total: 295 creatures vanquished

Notes
Turn   | Place    | Note
-------+----------+-------------------------------------------
     0 | D:1      | blat the Deep Elf Earth Elementalist began the quest for
                  | the Orb.
     0 | D:1      | Reached XP level 1. HP: 10/10 MP: 6/6
   190 | D:1      | Reached XP level 2. HP: 15/15 MP: 6/8
   746 | D:1      | Reached XP level 3. HP: 19/19 MP: 7/10
  1256 | D:2      | Upgraded the game from 0.31-a0-1467-g53b6572822 to
                  | 0.31-a0-1496-g79c7dd0eeb
  1315 | D:2      | Reached skill level 4 in Spellcasting
  1529 | D:2      | Identified a scroll of acquirement
  1529 | D:2      | Acquired a +2 pair of boots of rampaging
  1536 | D:2      | Gained mutation: You possess an exceptional clarity of
                  | mind. [potion of mutation]
  1536 | D:2      | Gained mutation: You have sharp fingernails. [potion of
                  | mutation]
  2071 | D:3      | Reached XP level 4. HP: 24/24 MP: 8/12
  2591 | D:3      | Reached skill level 5 in Spellcasting
  3096 | D:4      | Learned a level 3 spell: Stone Arrow
  3101 | D:4      | Reached XP level 5. HP: 28/28 MP: 12/14
  3131 | D:4      | Reached skill level 5 in Earth Magic
  3181 | D:4      | Reached skill level 6 in Spellcasting
  3280 | D:4      | Identified the +3 dagger "Conservator" {flame, Will+}
  3325 | D:4      | Reached XP level 6. HP: 32/32 MP: 10/17
  3468 | D:4      | Found a hazy altar of Hepliaklqana.
  3623 | D:4      | Identified the ring of Lapokenk {Wiz rF++ rCorr Dex+3}
  3654 | D:4      | Reached skill level 1 in Conjurations
  3787 | D:4      | Found an ancient bone altar of Kikubaaqudgha.
  3824 | D:4      | Found a radiant altar of Vehumet.
  4183 | D:5      | Entered Level 5 of the Dungeon
  4198 | D:5      | Found a shimmering blue altar of Sif Muna.
  4215 | D:5      | Reached skill level 7 in Spellcasting
  4386 | D:5      | Found Siottaesu's Armour Shop.
  4393 | D:5      | Reached XP level 7. HP: 26/36 MP: 11/19
  4403 | D:5      | Bought a +2 cloak for 165 gold pieces
  4583 | D:5      | Learned a level 4 spell: Brom's Barrelling Boulder
  4681 | D:5      | Reached skill level 8 in Spellcasting
  5216 | D:5      | Found a shimmering altar of Xom.
  5219 | D:5      | Found an opulent altar of Gozag.
  5219 | D:5      | Found a snail-covered altar of Cheibriados.
  5221 | D:5      | Found a broken altar of Ashenzari.
  5221 | D:5      | Found a broken altar of Ashenzari.
  5221 | D:5      | Found an ancient bone altar of Kikubaaqudgha.
  5253 | D:6      | Reached skill level 9 in Spellcasting
  5253 | D:6      | Reached XP level 8. HP: 41/41 MP: 20/23
  5541 | D:6      | Reached skill level 10 in Spellcasting
  5775 | D:6      | Found a staircase to the Ecumenical Temple.
  6307 | D:7      | Found a large runed translucent door.
  6307 | D:7      | Found a large runed translucent door.
  6316 | D:7      | Learned a level 4 spell: Animate Armour
  6807 | D:7      | Reached skill level 11 in Spellcasting
  6807 | D:7      | Reached XP level 9. HP: 44/45 MP: 10/26
  6908 | D:7      | Reached skill level 1 in Summonings
  7136 | D:7      | Found a sparkling altar of Nemelex Xobeh.
  7273 | D:7      | Found a large runed translucent door.
  7273 | D:7      | Found a large runed translucent door.
  7284 | D:7      | Reached skill level 10 in Earth Magic
  7336 | D:7      | Learned a level 5 spell: Lee's Rapid Deconstruction
  7387 | D:7      | Reached skill level 12 in Spellcasting
  7475 | D:7      | Identified the staff of Discretion {Fly rF+ Int-5 SInv
                  | Hexes Fire}
  7510 | D:7      | Noticed Jeremiah
 10919 | D:7      | Killed Jeremiah
 10920 | D:7      | Reached XP level 10. HP: 26/48 MP: 17/28
 11068 | D:7      | Found Rougux's General Store.
 11455 | D:8      | Found a transporter.
 11456 | D:8      | Noticed a two-headed ogre
 11462 | D:8      | Killed a two-headed ogre
 11463 | D:8      | Reached skill level 13 in Spellcasting
 11600 | D:8      | Found a transporter.
 11627 | D:8      | Noticed bmj180's ghost (novice HuCj)
 11795 | D:8      | Noticed Psyche
 11802 | D:8      | Killed Psyche
 12274 | D:8      | Reached skill level 14 in Spellcasting
 12487 | D:9      | Reached XP level 11. HP: 46/55 MP: 21/31
 12676 | D:9      | Reached skill level 15 in Spellcasting
 12794 | D:9      | Found a bloodstained altar of Trog.
 12997 | D:9      | Noticed a white ugly thing
 13020 | D:9      | Killed a white ugly thing
 13588 | D:10     | Entered Level 10 of the Dungeon
 13588 | D:10     | Noticed a deep elf pyromancer
 13620 | D:10     | Learned a level 4 spell: Olgreb's Toxic Radiance
 13700 | D:10     | Noticed Lodul
 13790 | D:10     | Reached skill level 5 in Stealth
 13839 | D:10     | Killed Lodul
 13901 | D:10     | Killed a deep elf pyromancer
 13902 | D:10     | Reached skill level 16 in Spellcasting
 14441 | D:11     | Reached skill level 1 in Fighting
 14723 | D:11     | Demolished by a gargoyle

Illustrated notes

Levels and vault maps discovered:
D:1:      spicycebolla_arrival_transporter_tutorial, layout_loops_corners,
          st_stairs_7, kennysheep_boxes
D:2:      layout_rooms, hangedman_glass_teeth
D:3:      layout_basic, minivault_4, saegor_snake_ambush
D:4:      layout_loops_corners, nicolae_hepliaklqana_monster_ancestors,
          mainiacjoe_overflow_two_lobes
D:5:      layout_cave_pods, led_sif_pool, doesnt_xom_only_xom, serial_shops,
          shop, minivault_25, solitary_fountain, minmay_misc_feat_hallway
D:6:      layout_gridville, minmay_temple_entry_antechambers
D:7:      minmay_polygon_palace, layout_basic, lemuel_round_altar, serial_shops,
          nicolae_shop_peninsula, minmay_hollow_rounded_squares, uniq_jeremiah
D:8:      layout_loops_ring, gammafunk_ghost_stat_death, uniq_psyche
D:9:      layout_basic, kennysheep_mini, enter_bailey_5
D:10:     layout_big_octagon, uniq_lodul
D:11:     layout_gridville, david_lair_generic

Skill      XL: |  1  2  3  4  5  6  7  8  9 10 11 |
---------------+----------------------------------+-----
Earth Magic    | 4 5 6 7 8 11 12 14 | 14.1
Spellcasting   | 4 5 6 7 9 11 12 14 16 | 16.6
Stealth        | 3 4 5 |  5.1
Conjurations   | 1 2 3 |  3.8
Dodging        | 3 4 |  4.5
Summonings     | 1 2 |  2.0
Fighting       | 1 |  1.1
Short Blades   | |  0.2
Alchemy        | |  1.1

Action                     |  1- 3 |  4- 6 |  7- 9 | 10-12 || total
---------------------------+-------+-------+-------+-------++-------
  Melee: Dagger            |       |       |    21 |     3 ||    24
         Punch             |       |       |     1 |       ||     1
   Cast: Sandblast         |    72 |    68 |   145 |   243 ||   528
         Stone Arrow       |       |     4 |    14 |       ||    18
         Brom's Barrelling |       |       |     7 |    13 ||    20
         Animate Armour    |       |       |     2 |     3 ||     5
    Use: Scroll            |    11 |     2 |     5 |     3 ||    21
         Potion            |     3 |     1 |     5 |     2 ||    11
 Armour: Robe              |     8 |     5 |    51 |   120 ||   184
  Dodge: Dodged            |    10 |    11 |    59 |    97 ||   177

Table legend: (Time is in decaauts)
 A = Elapsed time spent in this place.
 B = Non-inter-level travel time spent in this place.
 C = Inter-level travel time spent in this place.
 D = Time resting spent in this place.
 E = Time spent auto-exploring this place.
 F = Levels seen in this place.
 G = Mean time per level.
                   A        B        C        D        E       F      G
               +--------+--------+--------+--------+--------+-----+--------+
         Total |  15054 |  14585 |    469 |   3832 |   8627 |  11 | 1368.5 |
       Dungeon |  15054 |  14585 |    469 |   3832 |   8627 |  11 | 1368.5 |
               +--------+--------+--------+--------+--------+-----+--------+

Top non-repeatable levels by time:
     D:6: 4313 daAuts
     D:7: 1973 daAuts
     D:9: 1380 daAuts
     D:1: 1275 daAuts
     D:3: 1197 daAuts
     D:4: 1163 daAuts
     D:5: 1074 daAuts
     D:8: 871 daAuts
    D:10: 781 daAuts
     D:2: 657 daAuts
    D:11: 365 daAuts
